 Dungeon Crawl Stone Soup version 0.28-a0-580-ga2639ab843 (webtiles) character file.

Game seed: 15549793086800448972

15 iamoutofideas the Chopper (level 2, -7/25 HPs)
             Began as a Hill Orc Gladiator on Oct 3, 2021.
             Mangled by a kobold (18 damage)
             ... on level 1 of the Dungeon.
             The game lasted 00:00:12 (342 turns).

iamoutofideas the Chopper (Hill Orc Gladiator)       Turns: 342, Time: 00:00:12

Health: -7/25      AC:  4    Str: 16    XL:     2   Next: 50%
Magic:  2/2        EV: 12    Int:  8    God:
Gold:   19         SH:  0    Dex: 12    Spells: 1/1 levels left

rFire   . . .      SeeInvis .   a - +0 war axe
rCold   . . .      Faith    .   (no shield)
rNeg    . . .      Spirit   .   b - +0 leather armour
rPois   .          Reflect  .   c - +0 helmet
rElec   .          Harm     .   (no cloak)
rCorr   .          Rampage  .   (no gloves)
Will    .....                   (no boots)
Stlth   +.........              (no amulet)
HPRegen 0.08/turn               (no ring)
MPRegen 0.08/turn               (no ring)

@: no status effects
A: no striking features
a: no special abilities


You were on level 1 of the Dungeon.
You visited 1 branch of the dungeon, and saw 1 of its levels.

You collected 19 gold pieces.

Inventory:

Hand Weapons
 a - a +0 war axe (weapon)
Missiles
 d - 3 throwing nets (quivered)
Armour
 b - a +0 leather armour (worn)
 c - a +0 helmet (worn)
Scrolls
 e - 2 scrolls of teleportation {unknown}
 g - a scroll of fog {unknown}
Potions
 f - a potion of resistance {unknown}
 h - a potion of curing {unknown}


   Skills:
 + Level 2.4 Fighting
 + Level 4.4 Axes
 + Level 1.9 Throwing
 + Level 0.4 Armour
 + Level 2.5 Dodging
 + Level 0.3 Stealth


You had one spell level left.
You didn't know any spells.
Your spell library was empty.

Dungeon Overview and Level Annotations

Branches:
Dungeon (1/15)

Altars:


Message History

You completely miss the giant cockroach.
The jackal bites you but does no damage.
The giant cockroach bites you but does no damage.
The jackal closely misses you. The giant cockroach misses you.
You completely miss the jackal.
You hit the giant cockroach but do no damage.
The jackal misses you. The giant cockroach closely misses you.
A kobold comes into view.
It is wielding a +3 short sword of distortion.
The jackal closely misses you.
You miss the jackal. You closely miss the giant cockroach.
The kobold shouts!
The giant cockroach closely misses you. The jackal closely misses you.
The giant cockroach barely misses you.
Unknown command.
You hit the jackal.
You kill the jackal!
You closely miss the giant cockroach.
The giant cockroach completely misses you.
The ball python barely misses you. The ball python grabs you.
The ball python constricts you.
You slash the ball python!
You kill the ball python!
You hit the giant cockroach.
Your leather armour prevents you from hitting the goblin.
The giant cockroach barely misses you.
The giant cockroach bites you but does no damage.
The goblin hits you but does no damage.
You hit the giant cockroach.
You kill the giant cockroach!
You hit the goblin.
You kill the goblin!
You barely miss the kobold.
The kobold hits you with a +3 short sword of distortion.
Space bends around you.
You hit the kobold.
The kobold is moderately wounded.
The kobold hits you with a +3 short sword of distortion.
Space warps horribly around you!!
Ouch! That really hurt!
You die...

♣#♣#♣#♣## ###########
#.......#
#....##...##♣.....♣.#
+....''...'..........
#....##...##♣.....♣##
...#..).######
#.....# .......@#
♣#♣#♣#♣## ......K†#
#...... ........#
#...... ♣.♣.....#
#...... ♣ ♣......
#...... ♣.##...
##########.# ♣. #...
#........#.# ♣ #####
#........#.#
#........#.#


You could see a kobold.

Vanquished Creatures
  A bat (D:1)
  2 endoplasms (D:1)
  A giant cockroach (D:1)
  A goblin (D:1)
  2 hobgoblins (D:1)
  2 jackals (D:1)
  A quokka (D:1)
  A ball python (D:1)
  A frilled lizard (D:1)
12 creatures vanquished.

Notes
Turn   | Place    | Note
-------+----------+-------------------------------------------
     0 | D:1      | iamoutofideas the Hill Orc Gladiator began the quest for
                  | the Orb.
     0 | D:1      | Reached XP level 1. HP: 18/18 MP: 1/1
   205 | D:1      | Reached XP level 2. HP: 21/25 MP: 2/2
   342 | D:1      | Mangled by a kobold

Illustrated notes

Levels and vault maps discovered:
D:1:      psy_arrival_radial02, layout_basic, serial_forest,
          infiniplex_forest_lined_room_2, infiniplex_forest_fountain,
          infiniplex_forest_straight_2, infiniplex_forest_lined_room_2,
          infiniplex_forest_lined_corner, infiniplex_forest_straight_4,
          infiniplex_forest_diagonal, infiniplex_forest_3_way

Action                   || total
-------------------------++-------
Melee: War axe           ||    27
Armor: Leather armour    ||    15
Dodge: Dodged            ||    17

Table legend: (Time is in decaauts)
 A = Elapsed time spent in this place.
 B = Non-inter-level travel time spent in this place.
 C = Inter-level travel time spent in this place.
 D = Time resting spent in this place.
 E = Time spent auto-exploring this place.
 F = Levels seen in this place.
 G = Mean time per level.
                   A        B        C        D        E       F      G
               +--------+--------+--------+--------+--------+-----+--------+
         Total |    349 |    349 |      0 |      0 |    285 |   1 |  349.0 |
       Dungeon |    349 |    349 |      0 |      0 |    285 |   1 |  349.0 |
               +--------+--------+--------+--------+--------+-----+--------+

Top non-repeatable levels by time:
     D:1: 349 daAuts
